 Dungeon Crawl Stone Soup version 0.27-a0-328-g7f782ed93a (webtiles) character file.

Game seed: 11438865216122140056

3 CurlyBrace the Caller (level 1, -9/8 HPs)
             Began as a Felid Summoner on Feb 11, 2021.
             Killed from afar by Natasha (10 damage)
             ... with a magic dart
             ... on level 2 of the Dungeon.
             The game lasted 00:01:18 (98 turns).

CurlyBrace the Caller (Felid Summoner)                Turns: 98, Time: 00:01:19

Health: -9/8       AC:  1    Str:  4    XL:     1   Next: 41%
Magic:  2/4        EV: 18    Int: 16    God:
Gold:   0          SH:  0    Dex: 16    Spells: 3/4 levels left
                                        Lives:  0   Deaths: 0

rFire    . . .     SeeInvis +   (weapon unavailable)
rCold    . . .     Faith    .   (shield unavailable)
rNeg     . . .     Spirit   .   (armour unavailable)
rPois    .         Reflect  .   (helmet unavailable)
rElec    .         Harm     .   (cloak unavailable)
rCorr    .         Rampage  .   (gloves unavailable)
Will     .....                  (boots unavailable)
Stlth    +++.......             (no amulet)
HPRegen  0.02/turn              (no ring)
MPRegen  0.09/turn              (no ring)

@: quick
A: very small, no armour, no weapons or thrown items, stealth, claws 1, fangs 3,
see invisible, speed 1, shaggy fur 1, sharp paws
a: no special abilities


You were on level 2 of the Dungeon.
You visited 1 branch of the dungeon, and saw 2 of its levels.

You aren't carrying anything.


   Skills:
 * Level 0.3 Fighting
 + Level 2.7 Dodging
 + Level 2.7 Stealth
 * Level 0.4 Unarmed Combat
 - Level 2.0 Spellcasting
 - Level 4.0 Summonings


You had 3 spell levels left.
You knew the following spells:

 Your Spells              Type           Power        Failure   Level
a - Summon Small Mammal   Summ           56%          4%          1

Your spell library contained the following spells:

 Spells                   Type           Power        Failure   Level
 Call Imp                 Summ           14%          6%          2
 Call Canine Familiar     Summ           14%          12%         3
 Summon Guardian Golem    Hex/Summ       8%           26%         3
 Summon Ice Beast         Ice/Summ       8%           65%         4
 Summon Lightning Spire   Summ/Air       8%           65%         4


Dungeon Overview and Level Annotations

Branches:
Dungeon (2/15)

Altars:
Nemelex Xobeh

Annotations:
D:2 Natasha


Innate Abilities, Weirdness & Mutations

You cannot wear armour.
You are incapable of wielding weapons or throwing items.
Your paws allow you to move quietly. (Stealth)
You have sharp claws.
You have razor-sharp teeth.
You have supernaturally acute eyesight. (SInv)
You cover ground quickly.
You are covered in fur. (AC +1)
Your sharp claws are effective at attacking unaware monsters.


Message History

The bat closely misses you. The bat completely misses you.
The bat closely misses you. x2
The bat closely misses you.
Casting: Summon Small Mammal (safe; 4% risk of failure)
Confirm with . or Enter, or press ? or * to list all spells.
The bat completely misses you. The bat hits you.
* * * LOW HITPOINT WARNING * * *
You swap places.
What are your orders? t - Meow!
Orders for allies: a - Attack new target. r - Retreat! s - Stop attacking. g - Guard the area. f - Follow me.
Anything else - Cancel.
Gang up on whom?
Press: ? - help, Dir - move target, f - bat
Aim: a bat Attack!
The bat hits your rat. x2; The bat closely misses your rat.
Your rat completely misses the bat.
Unknown command.
The bat barely misses your rat. The bat closely misses your rat. x2
Your rat closely misses the bat.
Unknown command.
Unknown command.
Casting: Summon Small Mammal (safe; 4% risk of failure)
Confirm with . or Enter, or press ? or * to list all spells.
The bat hits your rat. x2
Your rat dies!
Your rat's corpse disappears in a puff of smoke!
The bat closely misses you.
Natasha, Servant of Life and Death comes into view.
The bat hits you but does no damage.
Your rat bites the bat.
The bat hits you but does no damage. The bat completely misses you.
Your rat bites the bat.
The bat dies!
Natasha hisses angrily.
Natasha stares at you and mumbles some strange words.
The magic dart hits you!
Ouch! That really hurt!
You die...

#### ##..##
#..g.#
#.##r####
#.##..@h#
########
##g#####.#
$....).###.g#
..#
...........##
#.#
.####.##.###
.. ...##.#..#
##.
....#.g.## ..
....#...# ##
_.......#


You could see Natasha, a hobgoblin and a friendly rat (summoned).

Vanquished Creatures
  A kobold (D:1)
  A frilled lizard (D:1)
  A rat (D:1)
3 creatures vanquished.

Vanquished Creatures (collateral kills)
  A bat (D:2)
1 creature vanquished.

Grand Total: 4 creatures vanquished

Notes
Turn   | Place    | Note
-------+----------+-------------------------------------------
     0 | D:1      | CurlyBrace the Felid Summoner began the quest for the Orb.
     0 | D:1      | Reached XP level 1. HP: 7/7 MP: 4/4
    59 | D:2      | Found a sparkling altar of Nemelex Xobeh.
    96 | D:2      | Noticed Natasha
    98 | D:2      | Killed from afar by Natasha

Illustrated notes

Levels and vault maps discovered:
D:1:      lightli_arrival_statue_moat, layout_basic
D:2:      minmay_roachtagon, layout_rooms, old_standard_altar,
          serial_bayou_lake_a, uniq_jessica, uniq_natasha,
          uniq_crazy_yiuf_cottage

Action                   || total
-------------------------++-------
Melee: Unarmed           ||    11
       Bite              ||     2
 Cast: Summon Small Mamm ||     2
Armor: Skin              ||     2
Dodge: Dodged            ||    17

Table legend: (Time is in decaauts)
 A = Elapsed time spent in this place.
 B = Non-inter-level travel time spent in this place.
 C = Inter-level travel time spent in this place.
 D = Time resting spent in this place.
 E = Time spent auto-exploring this place.
 F = Levels seen in this place.
 G = Mean time per level.
                   A        B        C        D        E       F      G
               +--------+--------+--------+--------+--------+-----+--------+
         Total |     81 |     81 |      0 |      0 |      0 |   2 |   40.5 |
       Dungeon |     81 |     81 |      0 |      0 |      0 |   2 |   40.5 |
               +--------+--------+--------+--------+--------+-----+--------+

Top non-repeatable levels by time:
     D:1: 49 daAuts
     D:2: 32 daAuts
